 Dungeon Crawl Stone Soup version 0.31-a0-986-g5e6e4ef867 (webtiles) character file.

Game seed: 2284218909188941455

50 wildpjah the Ducker (level 3, -2/30 HPs)
             Began as a Merfolk Monk on Nov 18, 2023.
             Slain by a gnoll
             ... wielding a +0 spear
              (5 damage)
             ... on level 2 of the Dungeon.
             The game lasted 00:02:03 (1613 turns).

wildpjah the Ducker (Merfolk Monk)                  Turns: 1613, Time: 00:02:04

Health: -2/30      AC:  6    Str: 11    XL:     3   Next: 79%
Magic:  3/3        EV: 10    Int:  9    God:
Gold:   67         SH:  0    Dex: 18    Spells: 2/2 levels left

rFire   . . .        a - +0 falchion
rCold   . . .        d - orb {light}
rNeg    . . .        e - +0 scale mail
rPois   .            (no helmet)
rElec   .            (no cloak)
rCorr   .            (no gloves)
SInv    .            (no boots)
Will    .....        (no amulet) Stlth
                     (no ring)
HPRegen 0.25/turn    (no ring)
MPRegen 0.08/turn

%: no passive effects
@: weak-willed, glowing
A: (nimble swimmer 2), mertail
a: no special abilities


You were on level 2 of the Dungeon.
You visited 1 branch of the dungeon, and saw 2 of its levels.

You collected 67 gold pieces.

Inventory:

Hand Weapons
 a - a +0 falchion (weapon)
Armour
 b - a +0 robe
 d - an orb of light (worn)
 e - a +0 scale mail (worn)
Jewellery
 i - an amulet of the acrobat
Scrolls
 h - a scroll of summoning {unknown}
 j - a scroll of fear {unknown}
 m - a scroll of enchant weapon {unknown}
 n - a scroll of blinking {unknown}
Potions
 c - a potion of ambrosia


   Skills:
 + Level 3.7 Fighting
 + Level 4.4 Long Blades
 + Level 0.5 Armour
 + Level 4.7 Dodging


You had 2 spell levels left.
You didn't know any spells.
Your spell library was empty.

Dungeon Overview and Level Annotations

Branches:
Dungeon (2/15)

Altars:

Shops:
D:2 :


Innate Abilities, Weirdness & Mutations

((You are very nimble when in or above water. (Stealth+, EV+, Speed+++)))
Your lower body shifts to a powerful aquatic tail in water.


Message History

The gnoll is severely wounded.
The gnoll misses you. The gnoll hits you with a +0 flail.
You hit the gnoll.
The gnoll is almost dead.
The gnoll closely misses you. The gnoll hits you with a +0 flail!
You hit the gnoll.
You kill the gnoll!
The gnoll barely misses you.
It was a potion of cancellation.
You feel magically purged. The gnoll closely misses you.
Okay, then.
It was a potion of curing.
You feel better.
The gnoll hits you from afar with a +0 spear.
The gnoll hits you but does no damage.
Things that are here:
a +0 flail; a gnoll corpse You hit the gnoll.
The gnoll is moderately wounded.
The gnoll hits you with a +0 spear.
You barely miss the gnoll.
The gnoll is moderately wounded.
The gnoll hits you with a +0 spear.
You hit the gnoll but do no damage.
The gnoll is moderately wounded.
The gnoll hits you but does no damage.
You barely miss the gnoll.
The gnoll is moderately wounded.
The gnoll hits you with a +0 spear.
* * * LOW HITPOINT WARNING * * *
It was a potion of magic.
Magic courses through your body. The gnoll hits you but does no damage.
As you read the scroll labelled VYAKO ZULOBUNUT, it crumbles to dust.
Magic quickly surges around you.
It was a scroll of vulnerability.
The gnoll barely misses you.
You hit the gnoll but do no damage.
The gnoll is moderately wounded.
The gnoll hits you with a +0 spear.
* * * LOW HITPOINT WARNING * * *
The gnoll hits you with a +0 spear.
You die...

########## #........#
#........# #........#
########### #........#
.....gg@..# #........#
#.#######.##
#........' #......#
#........# #......#
#........#
###......#####..######
#.............>......#
#.#####.#####.......[.
. #.# #......... #.#
#....#8###


You could see 2 gnolls.

Vanquished Creatures
  A gnoll (D:2)
  2 dart slugs (D:1)
  2 ball pythons
  4 endoplasms
  A giant cockroach (D:1)
  6 goblins
  6 hobgoblins
  A kobold (D:1)
  2 quokkas
  A bat (D:1)
  4 frilled lizards (D:1)
  A rat (D:1)
31 creatures vanquished.

Notes
Turn   | Place    | Note
-------+----------+-------------------------------------------
     0 | D:1      | wildpjah the Merfolk Monk began the quest for the Orb.
     0 | D:1      | Reached XP level 1. HP: 18/18 MP: 1/1
   126 | D:1      | Reached XP level 2. HP: 23/24 MP: 2/2
   642 | D:1      | Reached XP level 3. HP: 29/29 MP: 3/3
  1037 | D:2      | Found Tafegrem's Book Emporium.
  1613 | D:2      | Slain by a gnoll

Illustrated notes

Levels and vault maps discovered:
D:1:      dpeg_arrival_rooms_b, layout_loops_ring
D:2:      layout_basic, serial_shops, nicolae_shop_tiny_glass,
          serial_corexii_hall, chequers_hall_statues_corner_a,
          corexii_hall_statues_l, chequers_hall_statues_corner_a,
          corexii_hall_statues_l

Skill      XL: |  1  2 |
---------------+-------+-----
Long Blades    | 4 |  4.4
Fighting       | |  3.7
Armour         | |  0.5
Dodging        | |  4.7

Action                     || total
---------------------------++-------
  Melee: Falchion          ||    79
    Use: Potion            ||     3
         Scroll            ||     1
 Armour: Scale mail        ||    51
  Dodge: Dodged            ||    33

Table legend: (Time is in decaauts)
 A = Elapsed time spent in this place.
 B = Non-inter-level travel time spent in this place.
 C = Inter-level travel time spent in this place.
 D = Time resting spent in this place.
 E = Time spent auto-exploring this place.
 F = Levels seen in this place.
 G = Mean time per level.
                   A        B        C        D        E       F      G
               +--------+--------+--------+--------+--------+-----+--------+
         Total |   1620 |   1588 |     32 |      0 |   1352 |   2 |  810.0 |
       Dungeon |   1620 |   1588 |     32 |      0 |   1352 |   2 |  810.0 |
               +--------+--------+--------+--------+--------+-----+--------+

Top non-repeatable levels by time:
     D:1: 844 daAuts
     D:2: 776 daAuts
